 Dungeon Crawl Stone Soup version 0.26-a0-466-g989023bd0d (webtiles) character file.

Game seed: 9633392293859212797

140 vurker the Chiller (level 5, -3/30 HPs)
             Began as a Gargoyle Ice Elementalist on Aug 8, 2020.
             Killed by divine providence
             ... invoked by an orc priest
              (12 damage)
             ... on level 2 of the Dungeon.
             The game lasted 00:03:19 (2350 turns).

vurker the Chiller (Gargoyle Ice Elementalist)      Turns: 2350, Time: 00:03:20

Health: -3/30      AC:  7    Str: 12    XL:     5   Next: 23%
Magic:  3/9        EV: 12    Int: 16    God:
Gold:   129        SH:  0    Dex: 10    Spells: 2/10 levels left

rFire    . . .     SeeInvis .   g - +0 dagger
rCold    . . .     Faith    .   (no shield)
rNeg     + . .     Spirit   .   a - +0 robe
rPois    ∞         Reflect  .   (no helmet)
rElec    +         Harm     .   (no cloak)
rCorr    .                      c - +0 pair of gloves (curse)
MR       .....                  (no boots)
Stlth    ++........             (no amulet)
HPRegen  0.10/turn              (no ring)
MPRegen  0.11/turn              (no ring)

@: frozen ramparts
A: negative energy resistance 1, electricity resistance, unbreathing,
petrification resistance, rot immunity, AC +4
a: no special abilities


You were on level 2 of the Dungeon.
You visited 1 branch of the dungeon, and saw 2 of its levels.

You collected 129 gold pieces.

Inventory:

Hand Weapons
 g - a +0 dagger (weapon)
   (You took it off a goblin on level 1 of the Dungeon)
Armour
 a - a +0 robe (worn)
 c - a cursed +0 pair of gloves (worn)
   (You found it on level 1 of the Dungeon)
Scrolls
 b - a scroll of remove curse {unknown}
 d - 4 scrolls of identify {unknown}
Potions
 e - 2 potions of lignification {unknown}
 f - a potion of degeneration {unknown}
 h - a potion of curing {unknown}
 i - a potion of stabbing {unknown}


   Skills:
 + Level 2.1 Fighting
 - Level 1.5 Dodging
 - Level 2.1 Stealth
 * Level 3.3 Spellcasting
 * Level 0.6 Conjurations
 * Level 5.0 Ice Magic


You had 2 spell levels left.
You knew the following spells:

 Your Spells              Type           Power        Failure   Level
a - Freeze                Ice            ###.         2%          1
b - Frozen Ramparts       Ice            ###...       7%          3
c - Hailstorm             Conj/Ice       ##......     50%         4

Your spell library contained the following spells:

 Spells                   Type           Power        Failure   Level
 Ozocubu's Armour         Ice            ###.....     7%          3
 Summon Ice Beast         Ice/Summ       ##......     54%         4


Dungeon Overview and Level Annotations

Branches:
Dungeon (2/15)

Altars:
Kikubaaqudgha
Trog


Innate Abilities, Weirdness & Mutations

You are resistant to torment.
Your stone body is resilient. (AC +4)
You are immune to poison.
You resist negative energy. (rN+)
You are resistant to electric shocks. (rElec)
You can survive without breathing.
You are immune to petrification.
You are immune to rotting.


Message History

Aim: a dart slug (almost dead)
You freeze the dart slug!
You kill the dart slug!
Found 10 gold pieces.
You now have 129 gold pieces (gained 10). 2 orcs come into view.
The orc moves out of view.
An orc is nearby!
An orc is nearby!
An orc priest comes into view. It is wielding a +1 dagger of venom.
The orc shouts!
You hear a shout! x2
An orc comes into view. It is wielding a +0 trident.
An orc comes into view. It is wielding a +0 flail.
Found an ancient bone altar of Kikubaaqudgha.
The spell is quite dangerous to cast (7% risk of failure)!
Continue anyway?
The walls around you are covered in ice.
The orc priest shouts!
The wall freezes the orc.
The orc priest mumbles some strange prayers to Beogh against you.
Beogh smites you!
The wall freezes the orc.
The orc priest looks braver for a moment.
The wall freezes the orc.
Aim: an orc, wielding a -2 falchion (moderately wounded)
You freeze the orc.
You kill the orc!
The wall freezes the orc.
The orc hits the withered plant but does no damage.
The wall freezes the orc.
You kill the orc!
The wall freezes the orc.
The wall freezes the orc.
You kill the orc!
The frozen ramparts melt away.
The spell is quite dangerous to cast (7% risk of failure)!
Continue anyway?
The walls around you are covered in ice.
The wall freezes the orc priest.
The wall freezes the orc.
The wall freezes the orc priest.
The orc priest calls down the wrath of Beogh upon you.
You barely resist.
The wall freezes the orc.
You kill the orc!
The wall freezes the orc priest.
The orc priest mumbles some strange prayers to Beogh against you.
Beogh smites you!
* * * LOW HITPOINT WARNING * * *
The wall freezes the orc priest.
The orc priest calls down the wrath of Beogh upon you.
Beogh smites you!
You die...

#### ####...#
####.o))..#
#..@.###..P.._
#######.#### .o...
##...##..# .P##
#######........# ##
...............#
....##.........#####..
....#................#
....#............#####
....#.......#...##


You could see an orc priest.

Vanquished Creatures
  Natasha (thrice) (D:2)
  An adder (D:2)
  3 worms (D:2)
  3 dart slugs
  2 leopard geckos (D:1)
  4 orcs (D:2)
  7 bats
  A hobgoblin (D:1)
  2 frilled lizards (D:1)
  8 goblins
  4 kobolds
  9 rats
47 creatures vanquished.

Notes
Turn   | Place    | Note
-------+----------+-------------------------------------------
     0 | D:1      | vurker the Gargoyle Ice Elementalist began the quest for
                  | the Orb.
     0 | D:1      | Reached XP level 1. HP: 10/10 MP: 3/3
   418 | D:1      | Reached XP level 2. HP: 16/16 MP: 3/5
  1050 | D:2      | Reached skill level 1 in Fighting
  1054 | D:1      | Reached XP level 3. HP: 18/20 MP: 2/6
  1096 | D:1      | Learned a level 3 spell: Frozen Ramparts
  1165 | D:2      | Noticed Natasha
  1173 | D:2      | Killed Natasha
  1209 | D:2      | Noticed Natasha
  1238 | D:2      | Killed Natasha
  1238 | D:2      | Reached XP level 4. HP: 21/26 MP: 4/8
  1239 | D:2      | Noticed Natasha
  1247 | D:2      | Killed Natasha
  1911 | D:2      | Noticed a moth of wrath
  1918 | D:2      | Found a bloodstained altar of Trog.
  2040 | D:2      | Reached XP level 5. HP: 30/30 MP: 3/9
  2114 | D:2      | Learned a level 4 spell: Hailstorm
  2129 | D:2      | Reached skill level 5 in Ice Magic
  2337 | D:2      | Found an ancient bone altar of Kikubaaqudgha.
  2350 | D:2      | Killed from afar by an orc priest

Illustrated notes

Levels and vault maps discovered:
D:1:      erik_arrival_orb_chamber, layout_basic
D:2:      layout_rooms, tgw_trog, grunt_temple_overflow_growth_and_decay,
          columned_hall_lemuel, dk_noncrumbling_3, uniq_natasha

Skill      XL: |  1  2  3  4  5 |
---------------+----------------+-----
Fighting       | 1 2 |  2.1
Spellcasting   | 3 |  3.3
Ice Magic      | 5 |  5.0
Dodging        | |  1.5
Stealth        | |  2.1
Conjurations   | |  0.6

Action                   |  1- 3 |  4- 6 || total
-------------------------+-------+-------++-------
Melee: Unarmed           |    21 |       ||    21
       Dagger            |    17 |    10 ||    27
 Cast: Freeze            |    26 |    26 ||    52
       Frozen Ramparts   |     2 |     5 ||     7
Armor: Robe              |    16 |     9 ||    25
Dodge: Dodged            |    43 |    16 ||    59

Table legend: (Time is in decaauts)
 A = Elapsed time spent in this place.
 B = Non-inter-level travel time spent in this place.
 C = Inter-level travel time spent in this place.
 D = Time resting spent in this place.
 E = Time spent auto-exploring this place.
 F = Levels seen in this place.
 G = Mean time per level.
                   A        B        C        D        E       F      G
               +--------+--------+--------+--------+--------+-----+--------+
         Total |   2356 |   2326 |     30 |      0 |   1960 |   2 | 1178.0 |
       Dungeon |   2356 |   2326 |     30 |      0 |   1960 |   2 | 1178.0 |
               +--------+--------+--------+--------+--------+-----+--------+

Top non-repeatable levels by time:
     D:2: 1264 daAuts
     D:1: 1092 daAuts
